AoeStats
← Huitzilopochtli

Black Forest

509230556Analyzed
4v4 RM · 7d ago on Sep 26, 2026· 22m 40s· 8 players
Game mode
Random Map
Map size
Large (8 player)
Population
200
Speed
Normal
Resources
Standard
Victory
Conquest
Starting age
Dark Age
Ending age
Imperial Age
RankedLock teamsTeams togetherTeam positionsShared explorationLock speedFull tech treeHidden civsTurbo modeCheats
Victory
Defeat
🇺🇸 Koreans · United States
783
+11
🇨🇦 Malay · Canada
783
+11
🇺🇸 Persians · United States
740
+13
🇺🇸 Chinese · United States
733
+13
🇪🇨 Sicilians · Ecuador
696
-12
🇲🇽 Italians · Mexico
693
-13
🇮🇳 Bulgarians · India
671
-12
🇺🇸 Huns · United States
636
-11
alangb_par
8:03 Loom
13:31 Feudal Age
13:46 Feudal Age
14:26 Feudal Age
14:43 Feudal Age
15:56 Double-Bit Axe
15:56 Horse Collar
Cpt. Awesome
0:40 Loom
15:35 Feudal Age
16:07 Arson
16:47 Gold Mining
16:49 Double-Bit Axe
16:52 Town Watch
16:37 Man-at-Arms
17:56 Scale Mail Armor
18:15 Stone Mining
20:15 Forging
20:12 Fletching
20:24 Padded Archer Armor
hangover
0:35 Loom
11:18 Feudal Age
12:02 Horse Collar
12:10 Double-Bit Axe
CucoxEvolution
1:35 Loom
17:31 Feudal Age
17:36 Man-at-Arms
18:07 Arson
18:27 Double-Bit Axe
18:26 Horse Collar
Big Matthew
0:28 Loom
17:01 Feudal Age
17:24 Man-at-Arms
19:54 Man-at-Arms
20:57 Man-at-Arms
oopygoopy67
1:04 Loom
14:24 Feudal Age
14:11 Town Watch
18:14 Wheelbarrow
18:09 Man-at-Arms
18:56 Gold Mining
18:54 Double-Bit Axe
Psychedeliccommunist
12:45 Feudal Age
16:26 Double-Bit Axe
18:31 Horse Collar
21:58 Castle Age
Huitzilopochtli
0:52 Loom
12:07 Feudal Age
13:41 Horse Collar
13:51 Double-Bit Axe
14:12 Man-at-Arms
21:19 Forging
21:10 Scale Mail Armor
21:15 Scale Barding Armor
22:52 Gold Mining
22:57 Stone Mining
23:05 Fletching
23:16 Padded Archer Armor
23:05 Arson
Connection lost

Rejoining the realm…

Still unreachable

The connection could not be restored.

Session expired

The server has moved on; the page needs a fresh start.